AoeStats
← apyrupa_master

MegaRandom

506270884Analyzed
4v4 RM · 21d ago on Sep 13, 2026· 30m 53s· 8 players
Game mode
Random Map
Map size
Large (8 player)
Population
200
Speed
Normal
Resources
Standard
Victory
Conquest
Starting age
Dark Age
Ending age
Imperial Age
RankedLock teamsTeams togetherTeam positionsShared explorationLock speedFull tech treeHidden civsTurbo modeCheats
Victory
Defeat
🇧🇷 Magyars · Brazil
1202
+16
🇧🇷 Khmer · Brazil
1138
+18
🇧🇷 Persians · Brazil
1128
+19
🇧🇷 Vietnamese · Brazil
1104
+20
🇺🇸 Shu · United States
1205
-19
🇨🇴 Poles · Colombia
1182
-18
🇨🇴 Malay · Colombia
1181
-18
🇺🇸 Mongols · United States
1180
-18
Madness_longbow
10:45 Loom
12:48 Feudal Age
16:11 Fletching
17:34 Padded Archer Armor
21:30 Castle Age
22:27 Bodkin Arrow
22:37 Double-Bit Axe
YeisonG77434
4:55 Loom
12:42 Feudal Age
18:40 Castle Age
27:47 Padded Archer Armor
AaronPaulus
6:14 Loom
9:29 Feudal Age
10:11 Double-Bit Axe
15:39 Fletching
23:45 Castle Age
24:22 Scale Mail Armor
24:51 Bow Saw
24:30 Crossbowman
26:05 Pikeman
Demon
12:32 Feudal Age
14:03 Horse Collar
14:09 Double-Bit Axe
19:02 Castle Age
21:57 Forging
21:53 Scale Barding Armor
22:54 Szlachta Privileges
23:44 Iron Casting
28:49 Bloodlines
29:01 Chain Barding Armor
28:33 Loom
apyrupa_LimaH
5:45 Loom
8:45 Feudal Age
11:16 Double-Bit Axe
15:36 Gold Mining
16:42 Fletching
17:50 Padded Archer Armor
24:59 Castle Age
25:13 Crossbowman
25:59 Thumb Ring
25:51 Bodkin Arrow
28:14 Bow Saw
27:47 Horse Collar
apyrupa_NoMercy
1:12 Loom
11:01 Feudal Age
12:04 Double-Bit Axe
12:51 Horse Collar
18:41 Castle Age
20:30 Husbandry
27:08 Wheelbarrow
26:37 Heavy Plow
26:47 Scale Barding Armor
26:54 Forging
28:31 Bloodlines
30:34 Bow Saw
APY_TIAGO
9:12 Loom
10:57 Feudal Age
15:17 Castle Age
13:57 Horse Collar
15:45 Bloodlines
22:20 Scale Barding Armor
24:33 Wheelbarrow
26:35 Hand Cart
26:55 Double-Bit Axe
28:24 Bow Saw
29:44 Heavy Plow
30:21 Gold Mining
apyrupa_master
8:43 Loom
11:43 Feudal Age
15:53 Castle Age
15:07 Double-Bit Axe
17:10 Scale Barding Armor
19:36 Horse Collar
21:09 Bloodlines
22:22 Wheelbarrow
22:58 Husbandry
26:52 Gold Mining
28:12 Bow Saw
Connection lost

Rejoining the realm…

Still unreachable

The connection could not be restored.

Session expired

The server has moved on; the page needs a fresh start.